 Dungeon Crawl Stone Soup version 0.28.0-43-g3370ac3207 (webtiles) character file.

Game seed: 11585414471373201844

202 nickcage the Cudgeller (level 6, -8/47 HPs)
             Began as a Formicid Fighter on Mar 29, 2022.
             Mangled by an ogre
             ... wielding a +0 giant spiked club
              (11 damage)
             ... on level 4 of the Dungeon.
             The game lasted 00:10:35 (3625 turns).

nickcage the Cudgeller (Formicid Fighter)           Turns: 3625, Time: 00:10:36

Health: -8/47      AC:  6    Str: 22    XL:     6   Next: 8%
Magic:  6/6        EV:  9    Int:  8    God:
Gold:   105        SH:  4    Dex: 10    Spells: 5/5 levels left

rFire   . . .      SeeInvis +   a - +0 flail
rCold   + . .      Faith    .   c - +0 buckler
rNeg    . . .      Spirit   .   b - +0 scale mail
rPois   .          Reflect  .   (helmet unavailable)
rElec   .          Harm     .   (no cloak)
rCorr   .          Rampage  .   (no gloves)
Will    .....                   (no boots)
Stlth   ..........              (no amulet)
HPRegen 0.15/turn               q - ring of protection from cold
MPRegen 0.10/turn               (no ring)

@: no status effects
A: permanent stasis, dig shafts and tunnels, antennae 3, four strong arms
a: Dig, Shaft Self


You were on level 4 of the Dungeon.
You visited 1 branch of the dungeon, and saw 4 of its levels.

You collected 105 gold pieces.

Inventory:

Hand Weapons
 a - a +0 flail (weapon)
Armour
 b - a +0 scale mail (worn)
 c - a +0 buckler (worn)
Jewellery
 q - a ring of protection from cold (left hand)
Scrolls
 e - a scroll of vulnerability {unknown}
 f - a scroll of identify {unknown}
 g - a scroll of magic mapping {unknown}
 j - a scroll of noise {unknown}
 k - a scroll of teleportation {unknown}
 p - a scroll of fear {unknown}
Potions
 d - a potion of might
 l - 2 potions of haste {unknown}
 m - a potion of degeneration {unknown}
 n - a potion of curing {unknown}
 o - a potion of magic {unknown}
 r - a potion of attraction {unknown}


   Skills:
 - Level 3.2 Fighting
 + Level 5.8 Maces & Flails
 - Level 0.2 Throwing
 - Level 3.2 Armour
 - Level 3.6 Shields


You had 5 spell levels left.
You didn't know any spells.
Your spell library contained the following spells:

 Spells                   Type           Power      Damage    Failure   Level
 Ensorcelled Hibernation  Hex/Ice        0%         N/A       91%         2
 Passwall                 Tmut/Erth      0%         N/A       91%         2
 Hailstorm                Conj/Ice       0%         3d3       100%        4
 Ice Form                 Ice/Tmut       0%         N/A       100%        4
 Simulacrum               Ice/Necr       0%         N/A       100%        6
 Swiftness                Air            Unusable   N/A       N/A         3

Dungeon Overview and Level Annotations

Branches:
Dungeon (4/15)
 Temple: D:4-7

Altars:
Elyvilon
Zin

Shops:
D:1 (   D:3 *


Innate Abilities, Weirdness & Mutations

You cannot be hasted, slowed, berserked, paralysed or teleported.
You can dig through walls and to a lower floor.
You have a pair of large antennae on your head. (SInv)
Your four strong arms can wield two-handed weapons with a shield.


Message History

The adder is almost dead.
You feel sick. You block the adder's attack.
You barely miss the adder.
The adder is almost dead.
You feel sick. The adder completely misses you.
The adder bites you but does no damage.
You hit the adder.
You kill the adder!
You feel sick.
No target in view!
You feel sick.
You feel sick.
You are no longer poisoned.
An ogre comes into view. It is wielding a +0 giant spiked club.
You throw a poisoned dart. The poisoned dart hits the ogre.
The ogre is poisoned.
You throw a poisoned dart. The poisoned dart hits the ogre.
You throw a throwing net.
The throwing net barely misses the ogre.
The ogre looks more healthy.
You hit the ogre.
The ogre is lightly wounded.
The ogre barely misses you.
You barely miss the ogre.
The ogre is lightly wounded.
The ogre hits you with a +0 giant spiked club!!
You closely miss the ogre.
The ogre is lightly wounded.
The ogre hits you with a +0 giant spiked club!
You barely miss the ogre.
The ogre is lightly wounded.
The ogre closely misses you.
You thump the ogre!
The ogre is heavily wounded.
The ogre hits you with a +0 giant spiked club!!
* * * LOW HITPOINT WARNING * * *
You hit the ogre.
The ogre is severely wounded.
The ogre hits you with a +0 giant spiked club!
You die...

#.#............#
#.#......#######
#.###'#.........
.( #.#.########
#(##.#.#
#..#.#.#
#####.#.#.#
#.......#.#
#.......#@#
#.......#O#
#......>..#
#.(...†####
#.......
#.......
##...... ##...[
#(...


You could see an ogre.

Vanquished Creatures
  An orc wizard (D:3)
  3 gnolls (D:3)
  8 adders
  A worm (D:3)
  2 dart slugs
  4 orcs
  8 ball pythons
  4 endoplasms
  4 giant cockroaches
  5 goblins
  5 hobgoblins
  A jackal (D:3)
  3 quokkas
  4 bats
  2 frilled lizards (D:1)
  7 kobolds
  10 rats
72 creatures vanquished.

Vanquished Creatures (others)
  2 plants (D:3)
2 creatures vanquished.

Grand Total: 74 creatures vanquished

Notes
Turn   | Place    | Note
-------+----------+-------------------------------------------
     0 | D:1      | nickcage the Formicid Fighter began the quest for the Orb.
     0 | D:1      | Reached XP level 1. HP: 18/18 MP: 1/1
    97 | D:1      | Reached XP level 2. HP: 24/24 MP: 2/2
   393 | D:1      | Reached skill level 3 in Maces & Flails
   624 | D:1      | Reached XP level 3. HP: 26/29 MP: 3/3
   657 | D:1      | Found Kyedd's Antique Weapon Shop.
  1278 | D:2      | Found a faded altar of an unknown god.
  1585 | D:2      | Reached XP level 4. HP: 30/35 MP: 4/4
  1653 | D:2      | Reached skill level 4 in Maces & Flails
  2202 | D:3      | Reached XP level 5. HP: 31/41 MP: 5/5
  2291 | D:3      | Found Zin's Purification Station.
  2298 | D:3      | Found a glowing silver altar of Zin.
  2728 | D:3      | Reached skill level 5 in Maces & Flails
  2984 | D:3      | Found a white marble altar of Elyvilon.
  3199 | D:4      | Noticed an orc warrior
  3385 | D:3      | Reached XP level 6. HP: 34/47 MP: 6/6
  3611 | D:4      | Noticed an ogre
  3625 | D:4      | Mangled by an ogre

Illustrated notes

Levels and vault maps discovered:
D:1:      dpeg_arrival_prison, layout_rooms, serial_shops, nicolae_square_shop,
          minmay_heptomino_o4
D:2:      layout_loops_ring, hellmonk_ecumenical_altar_zigzags,
          item_on_display_b
D:3:      layout_basic, zin_purify, lemuel_round_altar, minmay_statues_item,
          serial_bayou_lake_a
D:4:      layout_basic

Skill      XL: |  1  2  3  4  5 |
---------------+----------------+-----
Maces & Flails | 3 4 5 |  5.8
Fighting       | |  3.2
Throwing       | |  0.2
Armour         | |  3.2
Shields        | |  3.6

Action                   |  1- 3 |  4- 6 || total
-------------------------+-------+-------++-------
Melee: Flail             |   147 |   155 ||   302
Throw: Dart              |     3 |    12 ||    15
       Throwing net      |       |     2 ||     2
 Abil: Dig               |     2 |       ||     2
Armor: Scale mail        |    56 |    89 ||   145
Dodge: Dodged            |    67 |    75 ||   142
Block: Buckler           |    40 |    32 ||    72
